Map: Arctic Dream LE

Players

StupSup

  • Race: Protoss Protoss
  • Spawn Location: 6:00

HQWEAPON

  • Race: Terran Terran
  • Spawn Location: 5:00

Massa

  • Race: Terran Terran
  • League: Platinum
  • Spawn Location: 12:00

qqq

  • Race: Zerg Zerg
  • League: Platinum
  • Spawn Location: 11:00

VOD

Have the link to the VOD?

Description

Time

  • Played on: Nov. 27, 2020, 4:50 p.m.
  • Length: 11:08
Show
View Real Time Build Order
Export as new Build Order

StupSup Protoss 

Build Orders: Proxy Void Ray 

Get SALT Encoding   

  12  0:00  Probe (Chrono Boost)  
  13  0:10  Probe (Chrono Boost)  
  14  0:15  Probe (Chrono Boost)  
  15  0:22  Pylon  
  15  0:29  Assimilator  
  15  0:35  Assimilator  
  15  0:40  Probe  
  16  0:49  Gateway  
  16  0:57  Probe  
  17  1:09  Probe, Pylon  
  18  1:21  Probe  
  19  1:33  Probe  
  19  1:38  Cybernetics Core  
  20  1:45  Probe  
  21  1:57  Probe  
  22  2:09  Probe  
  22  2:15  Stargate  
  23  2:17  Adept (Chrono Boost)  
  23  2:18  Warp Gate  
  25  2:41  Pylon  
  25  2:47  Adept  
  25  2:50  Void Ray (Chrono Boost)  
  27  3:04  Shield Battery  
  27  3:05  Shield Battery  
  31  3:06  Shield Battery  
  31  3:17  Void Ray (Chrono Boost)  
  35  3:47  Void Ray  
  37  3:56  Pylon  
  37  4:05  Pylon  
  34  4:20  Probe  
  34  4:24  Void Ray  
  29  4:32  Probe, Nexus  
  30  4:44  Probe  
  31  4:48  Adept  
  29  4:56  Probe  
  29  5:01  Void Ray  
  23  5:09  Probe  
  27  5:21  Probe  
  28  5:33  Probe  
  29  5:44  Void Ray  
  29  5:45  Probe  
  25  6:21  Void Ray  
Show
View Real Time Build Order
Export as new Build Order

HQWEAPON Terran 

Build Orders:  

Get SALT Encoding   

  12  0:00  SCV  
  13  0:13  SCV  
  14  0:17  Supply Depot  
  14  0:25  SCV  
  15  0:39  SCV  
  16  0:49  Barracks  
  16  0:53  Barracks  
  16  0:57  SCV  
  17  1:10  Supply Depot  
  17  1:19  Supply Depot  
  17  1:23  SCV  
  18  1:35  SCV  
  18  1:36  Marine  
  20  1:41  Marine  
  21  1:54  Marine  
  22  2:07  Marine  
  21  2:11  Orbital Command, Marine  
  21  2:13  Refinery  
  22  2:24  Marine  
  22  2:29  Marine  
  24  2:42  Marine  
  24  2:43  Refinery  
  25  2:44  SCV  
  25  2:47  Marine  
  27  3:00  Marine  
  27  3:05  Marine  
  29  3:07  SCV  
  29  3:12  Supply Depot  
  30  3:18  Factory, Marine  
  31  3:23  Marine  
  32  3:34  Supply Depot  
  32  3:36  Marine  
  32  3:38  SCV  
  32  3:41  Marine  
  35  3:50  SCV  
  35  3:53  Marine  
  37  3:58  Marine  
  37  4:02  Factory Tech Lab, SCV  
  39  4:09  Starport  
  39  4:11  Marine  
  39  4:14  SCV  
  39  4:16  Marine  
  42  4:29  Marine, Supply Depot  
  43  4:34  Marine  
  44  4:43  Siege Tank  
  47  4:58  Marine  
  48  5:03  Marine  
  49  5:15  Siege Tank  
  49  5:16  Marine  
  49  5:21  Marine  
  54  5:34  Marine  
  55  5:39  Marine  
  56  5:44  SCV  
  57  5:52  Marine  
  54  6:35  Siege Tank  
  54  6:36  Marine x2  
  39  6:58  Marine x2  
  38  7:23  Command Center  
  30  8:17  Widow Mine  
  31  8:46  Orbital Command  
  29  8:58  Supply Depot  
  32  9:10  SCV  
  33  9:17  SCV  
  31  9:29  SCV  
  32  9:35  Supply Depot  
  32  9:36  Barracks  
  32  9:41  SCV  
  33  9:51  SCV  
  34  9:53  SCV  
  28  10:04  SCV  
  28  10:05  SCV  
  30  10:17  SCV  
  31  10:30  SCV  
  32  10:38  Supply Depot  
  32  10:39  Starport Reactor  
  32  10:40  Factory Tech Lab  
  32  10:42  SCV  
  33  10:54  SCV  
  36  11:00  Supply Depot  
Show
View Real Time Build Order
Export as new Build Order

Massa Terran 

Build Orders:  

Get SALT Encoding   

  12  0:00  SCV  
  13  0:12  SCV  
  14  0:17  Supply Depot  
  14  0:24  SCV  
  15  0:38  SCV  
  15  0:40  Barracks  
  16  0:47  Supply Depot  
  16  0:52  SCV  
  16  0:56  Refinery  
  17  1:06  Barracks  
  17  1:10  SCV  
  18  1:33  Barracks  
  18  1:34  Marine  
  19  1:40  Orbital Command  
  19  1:52  Bunker  
  19  1:55  Marine  
  20  2:13  SCV  
  20  2:15  Marine, Supply Depot  
  22  2:16  Marine  
  22  2:21  Marine  
  24  2:25  SCV  
  25  2:38  Factory  
  25  2:44  Marine  
  25  2:45  Marine x2  
  28  3:03  Reaper  
  28  3:05  Barracks Tech Lab  
  29  3:06  Marine  
  30  3:23  Marine  
  30  3:24  Factory Tech Lab  
  31  3:28  Starport  
  31  3:35  Marine  
  31  3:37  Command Center  
  32  3:51  Cyclone  
  35  3:58  SCV  
  36  4:05  Refinery  
  36  4:10  SCV  
  37  4:17  Engineering Bay  
  37  4:39  Marauder  
  37  4:44  Marine  
  39  4:49  Marine  
  40  4:55  Cyclone  
  40  4:57  SCV x2  
  45  5:00  Marauder, Supply Depot  
  45  5:02  Marine  
  45  5:04  Missile Turret  
  45  5:07  Marine, Missile Turret  
  48  5:09  SCV  
  51  5:16  Orbital Command  
  51  5:19  Marine  
  47  5:52  Cyclone  
  50  5:57  SCV  
  50  5:58  SCV  
  52  6:10  SCV x2  
  42  6:12  Marauder, Marine  
  37  6:30  Marine  
  7  7:14  Orbital Command  
  7  7:28  Barracks x2  
  7  7:30  Barracks  
  7  7:33  Barracks  
  7  7:35  Barracks  
  7  7:40  SCV  
  8  7:52  SCV  
  9  8:04  SCV  
  10  8:10  Command Center  
  10  8:16  SCV  
  10  8:18  Factory  
  11  8:22  Marine x3  
  11  8:23  Marine  
  15  8:28  SCV, Marine  
  17  8:39  Marine x2  
  17  8:40  Marine  
  17  8:41  Marine  
  20  8:46  Marine  
  20  8:48  SCV  
  23  8:57  Marine  
  23  9:00  SCV  
  25  9:09  Factory Tech Lab  
  24  9:19  Marine x4  
  28  9:25  SCV x2  
  30  9:37  SCV  
  33  9:49  SCV  
  22  10:13  Factory Tech Lab  
  12  10:35  Cyclone  
  12  10:39  Marine  
  15  10:46  Supply Depot  
  15  10:48  Supply Depot  
Show
View Real Time Build Order
Export as new Build Order

qqq Zerg 

Build Orders: Hatch First 

Get SALT Encoding   

  12  0:01  Drone  
  13  0:09  Drone  
  14  0:17  Overlord  
  14  0:46  Hatchery  
  13  0:50  Drone  
  13  0:52  Drone  
  15  1:01  Drone  
  16  1:26  Drone x3  
  16  1:31  Spawning Pool  
  18  1:39  Drone  
  19  1:40  Extractor  
  18  2:02  Overlord  
  18  2:05  Drone  
  18  2:07  Drone  
  20  2:14  Drone  
  20  2:15  Drone  
  22  2:18  Queen  
  22  2:19  Queen  
  22  2:21  Drone  
  27  2:23  Zergling x2  
  28  2:37  Drone  
  28  2:39  Zergling x2  
  28  2:42  Metabolic Boost  
  30  2:55  Zergling x4  
  32  3:01  Drone x2  
  35  3:05  Zergling x2  
  35  3:06  Zergling x2  
  35  3:10  Hatchery  
  35  3:14  Zergling x2  
  36  3:35  Overlord  
  36  3:36  Overlord x4  
  36  3:40  Spore Crawler  
  34  3:42  Spore Crawler  
  34  3:46  Zergling x2  
  34  3:49  Zergling x2  
  34  3:54  Zergling x6  
  34  3:55  Zergling x2  
  39  4:01  Zergling x2  
  40  4:06  Spore Crawler  
  40  4:07  Drone  
  40  4:12  Zergling x4  
  41  4:24  Zergling x6  
  41  4:25  Zergling x4  
  42  4:39  Zergling x6  
  42  4:40  Zergling x4  
  46  4:46  Zergling x4  
  46  4:47  Zergling x2  
  45  5:00  Zergling x6  
  45  5:01  Zergling x4  
  49  5:08  Baneling Nest  
  45  5:30  Zergling x4  
  45  5:31  Drone x2, Zergling x4  
  45  5:32  Zergling x4  
  51  6:14  Baneling x7  
  51  6:15  Baneling x4  
  51  6:17  Lair  
  51  6:20  Baneling x3  
  51  6:21  Zergling x6  
  51  6:22  Drone x2, Zergling x8  
  53  7:12  Spore Crawler x2  
  53  7:14  Hatchery  
  50  7:19  Drone x2  
  50  7:20  Drone x4, Hydralisk Den  
  51  7:42  Zergling x4  
  51  7:43  Zergling x6  
  39  8:12  Overlord x2  
  19  8:31  Drone  
  18  8:38  Drone  
  18  8:58  Drone x2  
  18  8:59  Spawning Pool  
  16  9:24  Drone x2  
  18  9:39  Overlord  
  5  10:09  Drone x3  
  5  10:13  Hatchery  
  7  10:25  Drone  
Tags
 
Add a new tag
Caveats
  • Supply blocks, unpowered buildings, or Contaminate may cause inaccurate times.
  • Supply counts are checked every 10 seconds.